 Dungeon Crawl Stone Soup version 0.20-a0-1116-gaa52201 (webtiles) character file.

6307 HereIgoKillingAgain the Markscentaur (level 10, -5/73 HPs)
             Began as a Centaur Hunter on May 7, 2017.
             Was a High Priest of Okawaru.
             Shot with a sling bullet by Joseph (13 damage)
             ... on level 10 of the Dungeon.
             The game lasted 00:16:09 (9093 turns).

HereIgoKillingAgain the Markscentaur (CeHu)         Turns: 9093, Time: 00:16:09

Health: -5/73      AC: 11    Str: 14 (16) XL:     10   Next: 63%
Magic:  10/10      EV:  3    Int: 11 (13) God:    Okawaru [*****.]
Gold:   208        SH:  0    Dex: 11 (12) Spells: 9/9 levels left

rFire    + . .     SeeInvis .   a - +2 shortbow
rCold    + . .     Gourm    +   (shield currently unavailable)
rNeg     . . .     Faith    .   y - +0 chain mail {rC+}
rPois    +         Spirit   .   p - +0 helmet
rElec    .         Reflect  .   n - +2 cloak {rPois}
rCorr    .         Harm     .   (no gloves)
MR       .....                  (no barding)
Stlth    ..........             v - amulet of the gourmand
Regen    0.3/turn               k - +3 ring of intelligence
MPRegen  0.2/turn               f - ring of protection from fire

@: heavily drained, very quick
A: hooves 3, deformed body, speed 2, tough skin 3
a: Heroism, Finesse, Renounce Religion


You were on level 10 of the Dungeon.
You worshipped Okawaru.
Okawaru was extremely pleased with you.
You were not hungry.

You visited 1 branch of the dungeon, and saw 10 of its levels.

You collected 521 gold pieces.
You spent 313 gold pieces at shops.

Inventory:

Hand Weapons
 a - a +2 shortbow (weapon)
 b - a +0 short sword
 w - a +3 dagger of speed
Missiles
 o - 27 arrows (quivered)
Armour
 n - a +2 cloak of poison resistance (worn)
 p - a +0 helmet (worn)
 y - a +0 chain mail of cold resistance (worn)
Jewellery
 f - a ring of protection from fire (right hand)
 k - a +3 ring of intelligence (left hand)
 v - an amulet of the gourmand (around neck)
Wands
 x - a wand of polymorph (3/24)
 D - a wand of disintegration (15/24)
 E - a wand of lightning (0/15)
Scrolls
 d - a scroll of magic mapping
 h - 3 scrolls of enchant weapon
 m - a scroll of remove curse
 r - a scroll of noise
 u - 2 scrolls of fear
 C - a scroll of teleportation
Potions
 c - 2 potions of haste
 g - 3 potions of flight
 i - 3 potions of magic
 j - a potion of lignification {unknown}
 l - a potion of curing
 z - a potion of agility {unknown}
 B - a potion of might
Comestibles
 q - 3 royal jellies
 s - 2 meat rations
 t - 8 fruits
 A - 4 bread rations


   Skills:
 - Level 2.0(0.6) Fighting
 + Level 19.5(17.3) Bows
 - Level 1.3(0.0) Dodging
 - Level 0.4(0.0) Stealth


You had 9 spell levels left.
You didn't know any spells.

Dungeon Overview and Level Annotations

Branches:
Dungeon (10/15)            Temple (0/1) D:6            Lair (0/6) D:8
    Orc: D:9-12

Altars:
Ashenzari
Elyvilon
Fedhas
Okawaru
Uskayaw
Wu Jian
Xom
Yredelemnul

Shops:
D:5 :?((   D:7 (

Annotations:
D:9 Erolcha
D:10 Joseph


Innate Abilities, Weirdness & Mutations

You have hooves in place of feet.
Armour fits poorly on your strangely shaped body.
You cover ground very quickly.
You have extremely tough skin. (AC +3)


Message History

Press: ? - help, Shift-Dir - straight line, f/p - Joseph
Aim: Joseph, wielding a hunting sling and wearing a leather armour (severely wounded)
You shoot an arrow. The arrow closely misses Joseph.
Joseph shoots a sling bullet.
The sling bullet hits you.
* * * LOW HITPOINT WARNING * * *
Firing (i - inventory):
o - 28 arrows (quivered)
Press: ? - help, Shift-Dir - straight line, f/p - Joseph
Aim: Joseph, wielding a hunting sling and wearing a leather armour (severely wounded)
You shoot an arrow. The arrow barely misses Joseph.
You feel better.
Joseph shoots a sling bullet.
The sling bullet hits you!
* * * LOW HITPOINT WARNING * * *
Okay, then.
Joseph shoots a sling bullet.
The sling bullet hits you.
* * * LOW HITPOINT WARNING * * *
You see here 2 sling bullets.
It was a potion of degeneration.
There was something very wrong with that liquid.
You feel weakened.
You feel dopey.
You feel clumsy.
Joseph shoots a sling bullet.
The sling bullet hits you!
You die...

##+#######
#.......(#
#......(.#
#..(...†.#
#....(...#
#...(....#
###@#######....#
#..(......#....#
#..@......'....#
#..(......#....#
#..(......#....#
#....######....#
#....#.........#
#....).........#
#....#.........#
###+##....######
#....#


You could see Joseph.

Vanquished Creatures
  A death yak (D:8)
  Pikel (D:4)
  A troll (D:10)
  A hippogriff (D:5)
  Eustachio (D:4)
  Grum (D:10)
  3 porcupines (D:8)
  3 orc warriors
  A black bear (D:7)
  Duvessa (D:4)
  2 ice beasts (D:7)
  A slave (D:4)
  A swamp drake (D:10)
  2 sky beasts (D:5)
  3 ogres
  2 phantoms
  4 centaurs
  2 wolves (D:10)
  A big kobold (D:9)
  5 bullfrogs
  Dowan (D:4)
  3 scorpions
  10 killer bees
  4 howler monkeys
  3 wights (D:6)
  5 crimson imps
  Crazy Yiuf (D:3)
  A quasit (D:5)
  4 orc wizards
  2 orc priests
  3 hounds
  Ijyb (D:3)
  3 iguanas
  6 worker ants
  A hound zombie (D:6)
  2 hound skeletons (D:6)
  A worker ant zombie (D:7)
  Robin (D:2)
  8 adders
  6 gnolls (D:2)
  A river rat (D:8)
  2 shadow imps
  An ooze (D:3)
  An adder skeleton (D:7)
  4 worms
  4 dart slugs
  4 leopard geckos
  26 orcs
  3 giant cockroaches
  13 goblins
  10 hobgoblins
  10 jackals
  6 quokkas
  2 ball pythons
  3 bats
  6 frilled lizards
  A giant cockroach zombie (D:6)
  14 kobolds
  5 rats
  2 plants
221 creatures vanquished.

Vanquished Creatures (others)
  A plant (D:2)
1 creature vanquished.

Grand Total: 222 creatures vanquished

Notes
Turn   | Place    | Note
-------+----------+-------------------------------------------
     0 | D:1      | HereIgoKillingAgain the Centaur Hunter began the quest for the Orb.
     0 | D:1      | Reached XP level 1. HP: 17/17 MP: 1/1
   245 | D:1      | Reached XP level 2. HP: 21/24 MP: 2/2
   271 | D:1      | Reached skill level 6 in Bows
   644 | D:2      | Reached XP level 3. HP: 29/29 MP: 3/3
   674 | D:2      | Reached skill level 7 in Bows
   886 | D:2      | Found an iron altar of Okawaru.
   907 | D:2      | Became a worshipper of Warmaster Okawaru
  1047 | D:2      | Noticed Robin
  1071 | D:2      | Reached XP level 4. HP: 33/36 MP: 4/4
  1094 | D:2      | Killed Robin
  1561 | D:2      | Reached skill level 8 in Bows
  1619 | D:2      | Reached XP level 5. HP: 18/41 MP: 5/5
  2387 | D:3      | Noticed Ijyb
  2436 | D:3      | Killed Ijyb
  2639 | D:3      | Reached skill level 9 in Bows
  2655 | D:3      | Found a runed door.
  2883 | D:3      | Noticed Crazy Yiuf
  2910 | D:3      | Killed Crazy Yiuf
  2982 | D:4      | Noticed Duvessa
  2982 | D:4      | Noticed Dowan
  3107 | D:4      | Reached * piety under Okawaru
  3107 | D:4      | Reached XP level 6. HP: 48/48 MP: 6/6
  3235 | D:4      | Noticed Eustachio
  3259 | D:4      | Reached skill level 10 in Bows
  3263 | D:4      | Killed Duvessa
  3282 | D:4      | Killed Eustachio
  3282 | D:4      | Reached ** piety under Okawaru
  3282 | D:4      | Reached skill level 11 in Bows
  3282 | D:4      | Reached XP level 7. HP: 22/55 MP: 7/7
  3294 | D:4      | Killed Dowan
  3757 | D:4      | Noticed Pikel
  3811 | D:4      | Killed Pikel
  3811 | D:4      | Reached skill level 13 in Bows
  3811 | D:4      | Reached XP level 8. HP: 30/61 MP: 8/8
  4284 | D:5      | Entered Level 5 of the Dungeon
  4312 | D:5      | Reached *** piety under Okawaru
  4539 | D:5      | Reached skill level 14 in Bows
  4573 | D:5      | Found Xanaghie's Antique Weapon Shop.
  4581 | D:5      | Bought a crude spear for 216 gold pieces
  4583 | D:5      | Identified the cursed +2 spear of the Jester {antimagic, rPois} (You bought it in a shop on level 5 of the Dungeon)
  4595 | D:5      | Found Cizoxt's Antique Weapon Shoppe.
  4697 | D:5      | Found an ornate altar of the Wu Jian Council.
  4794 | D:5      | Found Wubbomez's Magic Scroll Emporium.
  4795 | D:5      | Found Ceoxuto's Book Boutique.
  4822 | D:5      | Noticed a hippogriff
  4850 | D:5      | Bought a scroll of magic mapping for 45 gold pieces
  4850 | D:5      | Bought a scroll of teleportation for 39 gold pieces
  4850 | D:5      | Bought a scroll of noise for 13 gold pieces
  5211 | D:5      | Found a white marble altar of Elyvilon.
  5238 | D:5      | Killed a hippogriff
  5238 | D:5      | Reached skill level 15 in Bows
  5263 | D:5      | Received a gift from Okawaru
  5312 | D:6      | Found a shimmering altar of Xom.
  5332 | D:6      | Found a basalt altar of Yredelemnul.
  5372 | D:6      | Reached XP level 9. HP: 61/67 MP: 9/9
  5495 | D:6      | Found a basalt altar of Yredelemnul.
  5680 | D:6      | Found a shattered altar of Ashenzari.
  5747 | D:6      | You fall through a shaft for 3 floors!
  5791 | D:7      | Reached skill level 16 in Bows
  6075 | D:7      | Found a hide-covered altar of Uskayaw.
  6298 | D:7      | Reached **** piety under Okawaru
  6390 | D:7      | Reached skill level 17 in Bows
  6531 | D:7      | Found Womaqam's Antique Weapon Shoppe.
  6579 | D:7      | Found a blossoming altar of Fedhas.
  7032 | D:7      | You fall through a shaft for 2 floors!
  7060 | D:9      | Received a gift from Okawaru
  7441 | D:6      | Found a staircase to the Ecumenical Temple.
  7523 | D:6      | Received a gift from Okawaru
  7781 | D:6      | Reached XP level 10. HP: 68/73 MP: 10/10
  8023 | D:6      | Reached skill level 18 in Bows
  8154 | D:8      | Reached ***** piety under Okawaru
  8159 | D:8      | Found a staircase to the Lair.
  8159 | D:8      | Noticed a death yak
  8164 | D:8      | Noticed a death yak
  8167 | D:8      | Noticed a death yak
  8181 | D:8      | Killed a death yak
  8181 | D:8      | Received a gift from Okawaru
  8220 | D:9      | Noticed Erolcha
  8239 | D:10     | Entered Level 10 of the Dungeon
  8380 | D:10     | Noticed Grum
  8404 | D:10     | Killed Grum
  8484 | D:10     | Reached skill level 19 in Bows
  8923 | D:10     | Noticed a centaur warrior
  8925 | D:10     | Noticed a two-headed ogre
  9062 | D:10     | Noticed Joseph
  9093 | D:10     | Shot with a sling bullet by Joseph

Vault maps used:
D:1:      eino_arrival_cavern_e
D:2:      lemuel_doored_altar, chequers_big_river, uniq_robin
D:3:      uniq_ijyb, uniq_crazy_yiuf_cottage
D:4:      first_bread, uniq_eustachio, uniq_pikel, uniq_duvessa
D:5:      kennysheep_mini, lemuel_coloured_pillars_altar, serial_shops,
          nicolae_shop_trees, nicolae_shop_overgrown_old_shop, shop_fountains,
          shop, serial_glass, glass_columns_a, glass_columns_b,
          minmay_strange_pillars, item_on_display_a, item_on_display_a
D:6:      xom_teletrap_fun, nicolae_ashenzari_panopticon, kennysheep_mini_moat,
          temple_hall, basic_altar, st_stairs_5, grunt_ministairs_8
D:7:      fedhas_bush_and_centaur_altar, basic_altar, serial_shops, shop
D:8:      dpeg_lair_monsters, serial_shops, nicolae_shop_trees
D:9:      overflow_temple_1_default, blue_anna_alchemist, uniq_erolcha
D:10:     erik_orc_1, onia_ninara_dug_in_and_dangerous, uniq_joseph, uniq_grum

Skill      XL: |  1  2  3  4  5  6  7  8  9 10 |
---------------+-------------------------------+-----
Bows           | 6 7 8 9 11 13 15 17 19 | 19.5
Fighting       | |  2.0
Dodging        | |  1.3
Stealth        | |  0.4

Action                   |  1- 3 |  4- 6 |  7- 9 | 10-12 || total
-------------------------+-------+-------+-------+-------++-------
Melee: Spear             |       |   108 |       |       ||   108
       Kick              |       |    41 |    30 |       ||    71
       Short sword       |       |     6 |       |       ||     6
       Unarmed           |       |     5 |       |       ||     5
       Dagger            |       |    25 |   130 |       ||   155
       Shortbow          |       |       |     3 |       ||     3
 Fire: Shortbow          |   109 |   108 |   514 |   191 ||   922
Evoke: Wand              |       |       |       |     3 ||     3
  Use: Scroll            |       |     8 |     5 |     2 ||    15
       Potion            |       |     3 |     2 |     2 ||     7
  Eat: Chunk             |       |     2 |     4 |     5 ||    11
       Bread ration      |       |     1 |       |       ||     1
       Royal jelly       |       |     1 |     1 |       ||     2
       Meat ration       |       |       |     1 |       ||     1
Armor: Leather armour    |     8 |    14 |       |       ||    22
       Chain mail        |       |    20 |   151 |    26 ||   197
Dodge: Dodged            |    12 |    48 |    34 |    14 ||   108
